AoeStats
← andreas7487

Black Forest

510849655Analyzed
4v4 RM · 11h ago on Oct 2, 2026· 39m 41s· 8 players
Game mode
Random Map
Map size
Large (8 player)
Population
200
Speed
Normal
Resources
Standard
Victory
Conquest
Starting age
Dark Age
Ending age
Imperial Age
RankedLock teamsTeams togetherTeam positionsShared explorationLock speedFull tech treeHidden civsTurbo modeCheats
Victory
Defeat
🇲🇽 Italians · Mexico
866
+14
🇵🇹 Lithuanians · Portugal
844
+15
🇹🇷 Ethiopians · Türkiye
840
+15
🇺🇸 Franks · United States
830
+16
🇬🇷 Persians · Greece
854
-15
🇬🇷 Lithuanians · Greece
844
-16
🇬🇷 Franks · Greece
819
-15
802
-14
Merginator44
0:33 Loom
17:41 Feudal Age
18:15 Horse Collar
18:47 Double-Bit Axe
21:30 Gold Mining
21:33 Stone Mining
23:59 Fishing Lines
29:00 Castle Age
27:57 Forging
27:53 Scale Barding Armor
27:49 Padded Archer Armor
27:39 Fletching
27:50 Scale Mail Armor
30:23 Wheelbarrow
29:34 Town Watch
31:10 Bow Saw
31:09 Heavy Plow
31:20 Caravan
31:53 Hand Cart
31:40 Town Patrol
33:43 Gold Shaft Mining
33:45 Stone Shaft Mining
34:18 Ballistics
33:54 Murder Holes
34:42 Squires
34:27 Arson
35:40 Gillnets
38:35 Imperial Age
39:48 Royal Heirs
39:09 Elite Shotel Warrior
40:11 Conscription
39:18 Heavy Scorpion
39:21 Elite Skirmisher
40:21 Guilds
hieutacoma
0:44 Loom
12:03 Feudal Age
19:48 Castle Age
18:20 Double-Bit Axe
18:30 Stone Mining
18:57 Gold Mining
22:55 Bow Saw
26:56 Gold Shaft Mining
28:34 Wheelbarrow
34:39 Imperial Age
32:30 Hand Cart
35:19 Forging
35:09 Scale Mail Armor
35:21 Scale Barding Armor
37:15 Hoardings
36:17 Elite Throwing Axeman
38:30 Chemistry
38:37 Pikeman
39:17 Squires
santos.deluna
12:11 Feudal Age
15:52 Castle Age
15:04 Double-Bit Axe
15:03 Horse Collar
15:14 Gold Mining
16:05 Loom
17:16 Bow Saw
18:12 Heavy Plow
23:58 Stone Mining
30:41 Imperial Age
28:21 Fletching
28:31 Padded Archer Armor
29:00 Bodkin Arrow
29:32 Ballistics
29:24 Crossbowman
30:51 Thumb Ring
31:04 Leather Archer Armor
30:46 Arbalester
31:27 Bracer
32:32 Chemistry
31:24 Capped Ram
32:30 Town Watch
33:21 Wheelbarrow
34:50 Ring Archer Armor
34:49 Scale Mail Armor
35:00 Forging
36:35 Masonry
36:42 Chain Mail Armor
38:34 Pirotechnia
38:45 Conscription
Exteme77
0:42 Loom
10:08 Feudal Age
15:59 Castle Age
14:26 Double-Bit Axe
18:04 Bow Saw
23:10 Wheelbarrow
23:18 Man-at-Arms
24:22 Forging
25:23 Long Swordsman
32:37 Imperial Age
31:35 Iron Casting
31:22 Pikeman
33:03 Scale Mail Armor
35:30 Illumination
36:12 Chain Mail Armor
39:57 Conscription
39:33 Halberdier
makispapadopoulos7
0:26 Loom
11:57 Feudal Age
13:39 Double-Bit Axe
18:29 Wheelbarrow
21:09 Castle Age
19:11 Horse Collar
20:51 Stone Mining
20:55 Gold Mining
20:51 Fishing Lines
22:32 Wheelbarrow
27:01 Stone Shaft Mining
27:46 Hand Cart
27:20 Town Watch
30:12 Arson
33:14 Husbandry
33:25 Bloodlines
35:53 Fletching
36:04 Padded Archer Armor
36:33 Bodkin Arrow
39:43 Imperial Age
37:13 Treadmill Crane
37:53 Ballistics
37:30 Murder Holes
37:14 Light Cavalry
40:55 Imperial Age
38:54 Hill Forts
andreas7487
1:02 Loom
12:08 Feudal Age
14:49 Gold Mining
14:48 Double-Bit Axe
15:39 Stone Mining
21:04 Castle Age
19:56 Scale Barding Armor
21:18 Pikeman
22:37 Bow Saw
22:51 Chain Barding Armor
23:15 Scale Mail Armor
23:40 Fletching
29:31 Elite Skirmisher
35:23 Imperial Age
34:40 Ballistics
35:18 Forging
35:47 Cavalier
38:30 Plate Barding Armor
38:44 Padded Archer Armor
diomidismav
0:26 Loom
11:05 Feudal Age
11:40 Double-Bit Axe
12:34 Wheelbarrow
14:11 Horse Collar
21:53 Castle Age
22:03 Pikeman
22:45 Squires
23:46 Hand Cart
31:05 Imperial Age
28:31 Gold Mining
28:54 Heavy Plow
33:55 Chemistry
34:14 Ballistics
36:38 Scale Barding Armor
38:24 Cavalier
39:07 Husbandry
38:31 Halberdier
40:23 Gold Shaft Mining
giannispolukandriotis.4
0:38 Loom
14:18 Feudal Age
25:45 Castle Age
28:55 Squires
28:44 Arson
32:06 Pikeman
32:50 Scale Mail Armor
33:03 Forging
35:51 Imperial Age
36:26 Horse Collar
36:38 Double-Bit Axe
38:36 Chain Mail Armor
38:58 Iron Casting
38:46 Conscription
38:53 Heavy Plow
39:34 Padded Archer Armor
39:26 Fletching
Connection lost

Rejoining the realm…

Still unreachable

The connection could not be restored.

Session expired

The server has moved on; the page needs a fresh start.